 Dungeon Crawl Stone Soup version 0.26.0-11-g8f856b5395 (webtiles) character file.

Game seed: 14125329836292765038

53 Descartes the Magician (level 3, -1/19 HPs)
             Began as a Deep Elf Air Elementalist on Jan 15, 2021.
             Slain by a lemure (3 damage)
             ... led by Pikel
             ... on level 4 of the Dungeon.
             The game lasted 00:03:16 (1551 turns).

Descartes the Magician (Deep Elf Air Elementalist)  Turns: 1551, Time: 00:03:17

Health: -1/19      AC:  2    Str:  5    XL:     3   Next: 64%
Magic:  7/10       EV: 13    Int: 26    God:
Gold:   70         SH:  0    Dex: 15    Spells: 8/9 levels left

rFire    . . .     SeeInvis .   m - +2 dagger (venom)
rCold    . . .     Faith    .   (no shield)
rNeg     . . .     Spirit   .   a - +0 robe
rPois    .         Reflect  .   (no helmet)
rElec    .         Harm     .   (no cloak)
rCorr    .         Rampage  .   (no gloves)
Will     .....                  (no boots)
Stlth    ++........             (no amulet)
HPRegen  0.06/turn              j - +6 ring of intelligence
MPRegen  0.12/turn              (no ring)

@: no status effects
A: no striking features
a: no special abilities


You were on level 4 of the Dungeon.
You visited 1 branch of the dungeon, and saw 3 of its levels.

You collected 70 gold pieces.

Inventory:

Hand Weapons
 m - a +2 dagger of venom (weapon)
Missiles
 b - 44 stones
 d - 42 arrows
 l - 15 poisoned darts
Armour
 a - a +0 robe (worn)
Jewellery
 j - a +6 ring of intelligence (left hand)
Scrolls
 c - 5 scrolls of identify {unknown}
 g - a scroll of enchant armour {unknown}
 k - a scroll of immolation {unknown}
 n - a scroll of remove curse {unknown}
Potions
 e - 3 potions of brilliance {unknown}
 f - 2 potions of cancellation {unknown}
 h - 2 potions of curing {unknown}
 i - 2 potions of ambrosia {unknown}


   Skills:
 + Level 2.8 Dodging
 + Level 2.9 Stealth
 + Level 3.5 Spellcasting
 * Level 2.2 Conjurations
 * Level 3.5 Air Magic


You had 8 spell levels left.
You knew the following spells:

 Your Spells              Type           Power        Failure   Level
a - Shock                 Conj/Air       76%          2%          1

Your spell library contained the following spells:

 Spells                   Type           Power        Failure   Level
 Swiftness                Air            23%          3%          2
 Static Discharge         Conj/Air       19%          9%          3
 Airstrike                Air            11%          21%         4
 Lightning Bolt           Conj/Air       9%           58%         5


Dungeon Overview and Level Annotations

Branches:
Dungeon (4/15)
 Temple: D:4-7

Altars:

Shops:
D:4 [


Message History

The jackal barks!
You hit the lemure but do no damage.
The lemure is poisoned.
The ball python barely misses you. The ball python closely misses you.
The jackal bites you.
Found a black potion.
You hit the lemure but do no damage.
The lemure looks as sick as possible!
The jackal closely misses you. The jackal barely misses you.
The jackal closely misses you. The lemure hits you. The jackal misses you.
The jackal closely misses you.
You closely miss the lemure.
The lemure is lightly wounded.
The jackal bites you but does no damage.
The jackal closely misses you. The lemure hits you.
* * * LOW HITPOINT WARNING * * *
The jackal bites you.
* * * LOW HITPOINT WARNING * * *
The jackal closely misses you. The jackal bites you.
* * * LOW HITPOINT WARNING * * *
The jackal closely misses you. The lemure hits you.
You die...

........#.# !.≈≈≈≈..#.#
.⌠≈≈≈≈..#.# ..≈≈≈≈....
.........# ########
#......h. #.....†.
#.....hh#########.#####.
#@h5Z.....(.#####.
#.h55.########.....5
#..S....# #.#####
............. ...# ##
..#........######.# #.
#. #.......#.. #.# . #
#.8...8..$8. ..#
#...#...#... .B# ..#


You could see 3 lemures, 5 jackals, a ball python and a centaur skeleton.

Vanquished Creatures
  2 adders
  A dart slug (D:2)
  2 leopard geckos (D:2)
  4 giant cockroaches
  3 goblins
  3 hobgoblins (D:1)
  3 jackals (D:1)
  3 bats (D:1)
  A frilled lizard (D:2)
  4 kobolds
  4 rats
30 creatures vanquished.

Notes
Turn   | Place    | Note
-------+----------+-------------------------------------------
     0 | D:1      | Descartes the Deep Elf Air Elementalist began the quest for
                  | the Orb.
     0 | D:1      | Reached XP level 1. HP: 10/10 MP: 6/6
   189 | D:1      | Reached XP level 2. HP: 15/15 MP: 5/8
   922 | D:1      | Reached XP level 3. HP: 6/19 MP: 1/9
  1400 | D:2      | You fall into a shaft and drop 2 floors!
  1400 | D:4      | Found Habrefou's Antique Armour Shoppe.
  1509 | D:4      | Noticed a lemure
  1510 | D:4      | Noticed a lemure
  1510 | D:4      | Noticed a lemure
  1551 | D:4      | Slain by a lemure

Illustrated notes

Levels and vault maps discovered:
D:1:      dpeg_arrival_arbitrary_c, layout_basic, chequers_serial_rivers_micro_b
D:2:      layout_rooms, serial_corexii_hall, chequers_hall_statues_y,
          chequers_hall_statues_corner_a
D:4:      layout_loops_ring, minitemple, minmay_temple_entry_glassed_door,
          serial_shops, nicolae_shop_statue_plus, shop, nicolae_shop_stone,
          shop, minmay_misc_feat_four_crosses, serial_park_tiny_pond, uniq_pikel

Skill      XL: |  1  2 |
---------------+-------+-----
Conjurations   | 2 |  2.2
Dodging        | |  2.8
Stealth        | |  2.9
Spellcasting   | |  3.5
Air Magic      | |  3.5

Action                   || total
-------------------------++-------
Melee: Dagger            ||     6
 Cast: Shock             ||    64
Armor: Robe              ||     4
Dodge: Dodged            ||    28
